 Dungeon Crawl Stone Soup version 0.31.0-1-g2c135a008e (webtiles) character file.

Game seed: 18053591367116857515

95 qw the Shooter (level 4, -5/35 HPs)
             Began as a Djinni Hunter on Jan 23, 2024.
             Slain by a crocodile (10 damage)
             ... in a sewer.
             The game lasted 00:00:05 (1550 turns).

qw the Shooter (Djinni Hunter)                      Turns: 1550, Time: 00:00:06

Health: -5/35      AC:  9    Str: 10    XL:     4   Next: 97%
Gold:   57         EV: 11    Int: 10    God:
                   SH:  0    Dex: 19

rFire   + + .        a - +0 shortbow
rCold   x . .        (shield currently unavailable)
rNeg    . . .        e - +0 ring mail
rPois   inf          (no helmet)
rElec   .            (no cloak)
rCorr   .            (no gloves)
SInv    .            (boots unavailable)
Will    .....        (no amulet)
Stlth   +            d - +4 ring of protection
HPRegen 0.25/turn    (no ring)
MPRegen 0.00/turn

%: infuse magic (-6 HP)
@: flying
A: sickness immunity, fire resistance 2, cold vulnerability 1, float, innate
caster, HP casting, extra vitality 1
a: no special abilities


You were in a sewer.
You visited 1 branch of the dungeon, and saw 3 of its levels.
You also visited: Sewer.

You collected 57 gold pieces.


Innate Abilities, Weirdness & Mutations

You are immune to sickness and miasma.
You are immune to poison.
Your flesh is very heat resistant. (rF++)
You are vulnerable to cold. (rC-)
You float through the air rather than walking.
You learn spells naturally, not from books.
Your magical power is your life essence.
You have superior vitality. (+4 MHP)


   Skills:
 - Level 3.0 Fighting
 + Level 4.3 Ranged Weapons
 - Level 1.1 Armour
 - Level 2.1 Dodging
 - Level 0.7 Stealth


You knew the following spells:

 Your Spells              Type           Power      Damage    Failure   Level
a - Magic Dart            Conj           0%         1d3       67%         1
Your spell library was empty.

Inventory:

Hand Weapons
 a - a +0 shortbow (weapon)
Armour
 e - a +0 ring mail (worn)
Jewellery
 d - a +4 ring of protection (left hand)
Scrolls
 b - a scroll of enchant armour
 f - a scroll of identify
Potions
 g - a potion of cancellation

Dungeon Overview and Level Annotations

Branches:
Dungeon (3/15)              Sewer (1/1)

Altars:


Message History

You kill the river rat!
A ball python comes into view.
You see here a river rat corpse.
You shoot an arrow. The arrow hits the ball python!
You kill the ball python!
A kobold and a crocodile come into view.
Found four items.
Found a gate leading back out of this place.
You shoot an arrow. The arrow hits the kobold.
You kill the kobold!
You shoot an arrow.
The arrow hits the crocodile but does no damage.
You shoot an arrow. The arrow barely misses the crocodile.
You shoot an arrow. The arrow barely misses the crocodile.
You shoot an arrow. The arrow hits the crocodile.
The crocodile is lightly wounded.
The crocodile closely misses you.
You shoot an arrow.
The arrow hits the crocodile but does no damage.
The crocodile is lightly wounded.
The crocodile bites you but does no damage. x2
You shoot an arrow. The arrow hits the crocodile.
The crocodile is moderately wounded.
The crocodile bites you but does no damage.
You shoot an arrow. The arrow barely misses the crocodile.
The crocodile bites you.
You shoot an arrow.
The arrow hits the crocodile but does no damage.
The crocodile is moderately wounded.
The crocodile bites you! The crocodile bites you.
You shoot an arrow. The arrow closely misses the crocodile.
The crocodile misses you.
You shoot an arrow.
The arrow hits the crocodile but does no damage.
The crocodile is moderately wounded.
The crocodile misses you.
You shoot an arrow. The arrow hits the crocodile.
The crocodile is moderately wounded.
The crocodile bites you! x2
You die...

.~.?~ ..~ !~~ .~.
#~# ## #~###)!.#
#~l~.!\!~ #@#
##~## . ##.~.##
~..~####....~####
...~~~~%~~\~~~~~~
..~.####.\.~.####
~ ##%..## ##~##
#~#


You could see a crocodile.

Vanquished Creatures
  3 adders
  A river rat (Sewer)
  A dart slug (D:3)
  3 ribbon worms
  4 bats
  7 endoplasms
  2 goblins (D:1)
  3 hobgoblins
  2 jackals (D:1)
  7 kobolds
  3 quokkas
  7 ball pythons
  4 frilled lizards (D:2)
  3 rats (D:1)
50 creatures vanquished.

Notes
Turn   | Place    | Note
-------+----------+-------------------------------------------
     0 | D:1      | qw the Djinni Hunter began the quest for the Orb.
     0 | D:1      | Reached XP level 1. HP: 18/18 MP: 0/0
     0 | D:1      | 0 ||| qw: Version: 0.3-a-136-gdd3b4e8
     0 | D:1      | 0 ||| qw: Game counter: 987
     0 | D:1      | 0 ||| qw: Melee chars always use a shield: true
     0 | D:1      | 0 ||| qw: God list: Okawaru
     0 | D:1      | 0 ||| qw: Allow faded altars: false
     0 | D:1      | 0 ||| qw: Do Orc after clearing Dungeon:15 true
     0 | D:1      | 0 ||| qw: Do second Lair branch before Depths: true
     0 | D:1      | 0 ||| qw: Lair rune preference: random
     0 | D:1      | 0 ||| qw: Goals: Normal
     0 | D:1      | 0 ||| PLANNING D:1-11
    71 | D:1      | Reached XP level 2. HP: 18/23 MP: 0/0
   258 | D:1      | Reached XP level 3. HP: 28/28 MP: 0/0
   258 | D:1      | Learned a level 1 spell: Magic Dart
   263 | D:1      | Reached skill level 4 in Ranged Weapons
   499 | D:1      | 499 ||| UPGRADING to +0 ring mail.
   509 | D:1      | 509 ||| DROPPING +0 leather armour.
   510 | D:1      | 510 ||| READING scroll labelled WESKIDD AWKYR.
   510 | D:1      | 510 ||| ENCHANTING +0 shortbow.
   511 | D:1      | 511 ||| READING scroll labelled TUTZAJ EXEGHO.
   512 | D:1      | 512 ||| READING scroll labelled AFRYDU USUPENA.
   517 | D:1      | 517 ||| DROPPING scroll of butterflies.
   656 | D:2      | Identified the +8 whip of Howling Bloody Death {distort,
                  | Dex+2}
   887 | D:2      | Reached skill level 1 in Armour
   984 | D:2      | Reached XP level 4. HP: 34/34 MP: 0/0
  1330 | D:2      | 1330 ||| UPGRADING to +4 ring of protection.
  1331 | D:2      | 1331 ||| READING scroll labelled HUTEDA VATOF.
  1332 | D:2      | 1332 ||| READING 3 scrolls labelled NUATHA JEARE.
  1332 | D:2      | 1332 ||| IDENTIFYING lumpy white potion
  1333 | D:2      | 1333 ||| READING 2 scrolls of identify.
  1333 | D:2      | 1333 ||| IDENTIFYING scroll labelled ODYDUO ZUSTRU
  1334 | D:2      | 1334 ||| DROPPING scroll of noise.
  1360 | D:3      | 1360 ||| PLANNING SEWER
  1458 | D:3      | Reached skill level 3 in Fighting
  1502 | D:3      | Found a glowing drain.
  1505 | Sewer    | Entered a sewer
  1538 | Sewer    | Noticed a crocodile
  1550 | Sewer    | HP: 5/35 [crocodile (10)]
  1550 | Sewer    | Slain by a crocodile

Levels and vault maps discovered:
D:1:      heliophobic_arrival_henge, layout_basic
D:2:      layout_loops_corners, basic_altar
D:3:      layout_basic, nicolae_elyvilon_peaceful_grove,
          mainiacjoe_sewer_entry_somewhere_in_here_1,
          ebering_ecumenical_altar_petrified, minmay_ruptured, uniq_sigmund
Sewer:    sewer_co_15_rooms

Skill      XL: |  1  2  3  4 |
---------------+-------------+-----
Ranged Weapons | 4 |  4.3
Armour         | 1 |  1.1
Fighting       | 3 |  3.0
Dodging        | |  2.1
Stealth        | |  0.7

Action                     |  1- 3 |  4- 6 || total
---------------------------+-------+-------++-------
   Fire: Shortbow          |    92 |    83 ||   175
    Use: Scroll            |     3 |     3 ||     6
 Armour: Leather armour    |    19 |       ||    19
         Ring mail         |    11 |    31 ||    42
  Dodge: Dodged            |    30 |    26 ||    56

Table legend:
 A = Non-vault XP
 B = Vault XP
 C = Vault XP percentage of total XP
 D = Non-vault monster count
 E = Vault monster count
 F = Vault count percentage of total count
                 A         B        C        D         E       F
            +---------+---------+-------+---------+---------+-------
      Total |      80 |      57 |  41.6 |      40 |      10 |  20.0
            +---------+---------+-------+---------+---------+-------
        D:1 |      47 |       0 |   0.0 |      27 |       0 |   0.0
        D:2 |      27 |       0 |   0.0 |      11 |       0 |   0.0
        D:3 |       6 |      24 |  80.0 |       2 |       5 |  71.4
      Sewer |       0 |      33 | 100.0 |       0 |       5 | 100.0
            +---------+---------+-------+---------+---------+-------
